 Dungeon Crawl Stone Soup version 0.24-a0-429-g4608c8fa30 (webtiles) character file.

Game seed: 15720634843791424938

54 Ijustatesigmund the Cudgeler (level 3, -6/26 HPs)
             Began as an Octopode Fighter on June 13, 2019.
             Mangled by a gnoll
             ... wielding a +0 flail
              (11 damage)
             ... on level 2 of the Dungeon.
             The game lasted 00:01:52 (1408 turns).

Ijustatesigmund the Cudgeler (Octopode Fighter)     Turns: 1408, Time: 00:01:52

Health: -6/26      AC:  1    Str: 15    XL:     3   Next: 91%
Magic:  3/3        EV: 11    Int: 10    God:
Gold:   117        SH:  8    Dex: 12    Spells: 2/2 levels left

rFire    . . .     SeeInvis .   a - +0 flail
rCold    . . .     Gourm    .   b - +0 shield
rNeg     . . .     Faith    .   (helmet restricted)
rPois    .         Spirit   .   (no amulet)
rElec    .         Reflect  .   (no ring)
rCorr    .         Harm     .   (no ring)
MR       .....                  (no ring)
Stlth    ++........             (no ring)
HPRegen  0.08/turn              (no ring)
MPRegen  0.08/turn              (no ring)
                                (no ring)
                                (no ring)

@: no status effects
A: almost no armour, stealthy swim, amphibious, 8 rings, constrict 8, camouflage
1, gelatinous body 1
a: no special abilities


You were on level 2 of the Dungeon.
You were hungry.

You visited 1 branch of the dungeon, and saw 2 of its levels.

You collected 117 gold pieces.

Inventory:

Hand Weapons
 a - a +0 flail (weapon)
Armour
 b - a +0 shield (worn)
Jewellery
 l - a cursed -2 ring of intelligence {unknown}
Scrolls
 e - 2 scrolls of random uselessness {unknown}
 g - 2 scrolls of enchant armour {unknown}
 j - 2 scrolls of remove curse {unknown}
 m - 2 scrolls of identify {unknown}
Potions
 c - a potion of might
 f - 2 potions of heal wounds {unknown}
 h - 3 potions of flight {unknown}
 i - a potion of magic {unknown}
 k - a potion of invisibility
 n - 2 potions of agility {unknown}
Comestibles
 d - 4 rations


   Skills:
 - Level 3.0 Fighting
 + Level 4.1 Maces & Flails
 - Level 3.0 Dodging
 - Level 3.0 Shields


You had 2 spell levels left.
You didn't know any spells.
Your spell library was empty.

Dungeon Overview and Level Annotations

Branches:
Dungeon (2/15)

Altars:
Ashenzari
The Shining One


Innate Abilities, Weirdness & Mutations

You cannot wear most types of armour.
You are very stealthy in the water. (Stealth+)
You are amphibious.
You can wear up to eight rings at the same time.
You can use your tentacles to constrict eight enemies at once.
Your skin changes colour to match your surroundings (Stealth+).
Your rubbery body absorbs attacks. (AC +1, EV +1)


Message History

You are too injured to fight recklessly!
You are too injured to fight recklessly!
You are too injured to fight recklessly!
You are too injured to fight recklessly!
You are too injured to fight recklessly!
You are too injured to fight recklessly!
You are too injured to fight recklessly!
You are too injured to fight recklessly!
You are too injured to fight recklessly!
You are too injured to fight recklessly!
You are too injured to fight recklessly!
You are too injured to fight recklessly!
You are too injured to fight recklessly!
You are too injured to fight recklessly!
You closely miss the gnoll. You grab the gnoll.
You constrict the gnoll, but do no damage.
The gnoll hits you with a +0 whip of pain!
* * * LOW HITPOINT WARNING * * *
The gnoll hits you with a +0 flail!
You die...

###### #....# #.....#
#...)# #.....# #....#
#.....# ###..###
#.....# ###....#
#.....# ....#.##
#.....# .##...#
#.gg.[# ....###
#.@...# ..###
######..####
...#######........#
..................#
............(.....#
.....################
.....#..........#...##
.....#.SN..#.#..#....#
.....##NS..........#.#


You could see 2 gnolls.

Vanquished Creatures
  A gnoll (D:2)
  An adder (D:2)
  A worm (D:2)
  2 dart slugs (D:1)
  3 leopard geckos
  2 bats
  3 giant cockroaches (D:2)
  2 goblins
  2 hobgoblins
  2 frilled lizards (D:1)
  4 kobolds
  5 rats (D:1)
28 creatures vanquished.

Vanquished Creatures (others)
  4 plants (D:2)
4 creatures vanquished.

Grand Total: 32 creatures vanquished

Notes
Turn   | Place    | Note
-------+----------+-------------------------------------------
     0 | D:1      | Ijustatesigmund the Octopode Fighter began the quest for
                  | the Orb.
     0 | D:1      | Reached XP level 1. HP: 16/16 MP: 1/1
    51 | D:1      | Reached XP level 2. HP: 21/21 MP: 2/2
   193 | D:1      | Found a glowing golden altar of the Shining One.
   262 | D:1      | Reached skill level 3 in Maces & Flails
   534 | D:2      | Reached XP level 3. HP: 10/26 MP: 3/3
  1082 | D:2      | Found a shattered altar of Ashenzari.
  1086 | D:2      | Saw a vision of the Swamp and the Snake Pit.
  1086 | D:2      | Noticed a black mamba
  1086 | D:2      | Noticed a naga warrior
  1086 | D:2      | Noticed a naga warrior
  1086 | D:2      | Noticed a shock serpent
  1086 | D:2      | Noticed a guardian serpent
  1086 | D:2      | Noticed an alligator
  1086 | D:2      | Noticed a bullfrog
  1086 | D:2      | Noticed a water moccasin
  1086 | D:2      | Noticed an alligator
  1086 | D:2      | Noticed a naga mage
  1087 | D:2      | Noticed a naga warrior
  1087 | D:2      | Noticed a black mamba
  1406 | D:2      | Reached skill level 4 in Maces & Flails
  1408 | D:2      | Mangled by a gnoll

Levels and vault maps discovered:
D:1:      scummos_arrival_forest, layout_loops_cross, tso_metal_star
D:2:      layout_rooms, first_ration, grunt_ashenzari_visionary
          [grunt_ashenzari_visionary_swamp, grunt_ashenzari_visionary_snake]

Skill      XL: |  1  2  3 |
---------------+----------+-----
Maces & Flails | 3 4 |  4.1
Fighting       | |  3.0
Dodging        | |  3.0
Shields        | |  3.0

Action                   || total
-------------------------++-------
Melee: Flail             ||    52
       Constrict         ||    16
       Tentacles         ||    11
 Stab: Sleeping          ||     4
  Eat: Chunk             ||     1
Armor: Skin              ||     3
Dodge: Dodged            ||    26
Block: Shield            ||    27

Table legend:
 A = Non-vault XP
 B = Vault XP
 C = Vault XP percentage of total XP
 D = Non-vault monster count
 E = Vault monster count
 F = Vault count percentage of total count
                 A         B        C        D         E       F
            +---------+---------+-------+---------+---------+-------
      Total |      78 |       0 |   0.0 |      28 |       0 |   0.0
            +---------+---------+-------+---------+---------+-------
        D:1 |      26 |       0 |   0.0 |      15 |       0 |   0.0
        D:2 |      52 |       0 |   0.0 |      13 |       0 |   0.0
            +---------+---------+-------+---------+---------+-------
